 Dungeon Crawl Stone Soup version 0.31-a0-188-g5e087ee2ca (webtiles) character file.

Game seed: 5632628656484511846

109 qw the Skirmisher (level 4, -1/25 HPs)
             Began as a Deep Elf Hunter on June 23, 2023.
             Killed by divine providence
             ... invoked by an orc priest
              (11 damage)
             ... on level 3 of the Dungeon.
             The game lasted 00:00:35 (1470 turns).

qw the Skirmisher (Deep Elf Hunter)                 Turns: 1470, Time: 00:00:35

Health: -1/25      AC:  5    Str: 10    XL:     4   Next: 60%
Magic:  6/6        EV: 12    Int: 14    God:
Gold:   84         SH:  0    Dex: 18    Spells: 3/3 levels left

rFire   . . .        Y - +1 shortbow
rCold   . . .        (shield currently unavailable)
rNeg    . . .        c - +0 leather armour
rPois   .            (no helmet)
rElec   .            (no cloak)
rCorr   .            e - +0 pair of gloves
SInv    .            d - +0 pair of boots
Will    .....        (no amulet)
Stlth   ++           (no ring)
HPRegen 0.24/turn    (no ring)
MPRegen 0.10/turn

%: no passive effects
@: no status effects
A: no striking features
a: no special abilities


You were on level 3 of the Dungeon.
You visited 1 branch of the dungeon, and saw 3 of its levels.

You collected 84 gold pieces.


   Skills:
 - Level 1.5 Fighting
 + Level 8.0 Ranged Weapons
 - Level 2.4 Dodging
 - Level 1.2 Stealth


You had 3 spell levels left.
You didn't know any spells.
Your spell library was empty.

Inventory:

Hand Weapons
 Y - a +1 shortbow (weapon)
Armour
 c - a +0 leather armour (worn)
 d - a +0 pair of boots (worn)
 e - a +0 pair of gloves (worn)
Scrolls
 b - a scroll of immolation {unknown}
 g - a scroll of fear {unknown}
Potions
 a - a potion of magic {unknown}
 f - a potion of degeneration {unknown}
 h - a potion of haste {unknown}
 i - a potion of brilliance {unknown}
 j - a potion of berserk rage {unknown}

Dungeon Overview and Level Annotations

Branches:
Dungeon (3/15)

Altars:

Annotations:
D:2 1 runed translucent door, Crazy Yiuf


Message History

The orc hits you but does no damage.
You shoot an arrow. The arrow hits the orc.
You kill the orc!
The orc completely misses you.
An orc comes into view.
It is wielding a +0 club and quivering poisoned darts.
You shoot an arrow. The orc shouts!
The arrow hits the orc.
The orc is heavily wounded.
The orc priest looks braver for a moment.
A goblin comes into view.
It is wielding a +1 dagger of electrocution.
1464 ||| Stepping ~*~*~tactically~*~*~ (outnumbered).
The orc closely misses you.
Enter note:
Enter note: You shoot an arrow.
The arrow hits the orc but does no damage.
The orc is heavily wounded.
The orc hits you but does no damage.
You shoot an arrow. The arrow hits the orc.
The orc is almost dead.
The orc hits you with a +0 falchion. The orc completely misses you.
You shoot an arrow. The arrow closely misses the orc.
The arrow barely misses the orc.
The orc priest hits you with a +0 flail.
The orc hits you with a +0 falchion! The orc hits you but does no damage.
You shoot an arrow. The arrow hits the orc.
You kill the orc!
The orc priest barely misses you. The orc hits you but does no damage.
The orc priest hits you with a +0 flail.
The orc barely misses you. x2
You shoot an arrow.
The arrow hits the orc priest but does no damage.
The orc priest closely misses you. The orc barely misses you.
The orc hits you with a +0 dagger.
You shoot an arrow.
The arrow hits the orc priest but does no damage.
The orc priest mumbles some strange prayers to Beogh against you.
Beogh smites you!
You die...

######## #......#
#......# ##
#......############<
#..@o........#...(..
###oo...............
#o############....
.og# #...#. go####
#.#..#


go# #.##.# . #...... ....... ##...... You could see an orc priest, 4 orcs and a
goblin.

Vanquished Creatures
  Jessica (D:2)
  3 adders
  A worm (D:2)
  2 dart slugs
  3 orcs (D:3)
  5 ball pythons
  5 endoplasms
  4 giant cockroaches
  2 goblins (D:2)
  2 hobgoblins
  A kobold (D:1)
  2 quokkas (D:2)
  7 bats
  2 frilled lizards
  5 rats
45 creatures vanquished.

Notes
Turn   | Place    | Note
-------+----------+-------------------------------------------
     0 | D:1      | qw the Deep Elf Hunter began the quest for the Orb.
     0 | D:1      | Reached XP level 1. HP: 12/12 MP: 3/3
     0 | D:1      | 0 ||| qw: Version: 0.3-a-9-g12657ce
     0 | D:1      | 0 ||| qw: Game counter: 3581
     0 | D:1      | 0 ||| qw: Always use a shield: true
     0 | D:1      | 0 ||| qw: God list: Okawaru
     0 | D:1      | 0 ||| qw: Allow faded altars: false
     0 | D:1      | 0 ||| qw: Do Orc after D:15 true
     0 | D:1      | 0 ||| qw: Do second Lair branch before Depths: true
     0 | D:1      | 0 ||| qw: Lair rune preference: random
     0 | D:1      | 0 ||| qw: Plans: Normal
     0 | D:1      | 0 ||| PLANNING D:1-11
   199 | D:1      | Reached skill level 6 in Ranged Weapons
   199 | D:1      | Reached XP level 2. HP: 16/16 MP: 4/4
   491 | D:1      | Found a faded altar of an unknown god.
   534 | D:1      | 534 ||| UPGRADING to +0 pair of boots.
   539 | D:1      | 539 ||| DROPPING ring of flight.
   540 | D:1      | 540 ||| READING scroll labelled DUTELE GOFOMOT.
   541 | D:1      | 541 ||| READING scroll labelled FOETHE KILYA.
   542 | D:1      | 542 ||| DROPPING scroll of butterflies.
   632 | D:2      | Reached XP level 3. HP: 20/20 MP: 5/5
   698 | D:2      | Noticed Jessica
   701 | D:2      | Killed Jessica
   702 | D:2      | Reached skill level 7 in Ranged Weapons
   907 | D:2      | Reached XP level 4. HP: 25/25 MP: 6/6
   987 | D:2      | Found a runed translucent door.
   988 | D:2      | Noticed Crazy Yiuf
  1244 | D:2      | 1244 ||| UPGRADING to +0 pair of gloves.
  1249 | D:2      | 1249 ||| READING scroll labelled ZUPAEV QULODWA.
  1250 | D:2      | 1250 ||| READING scroll labelled MIGHYOSEEK.
  1251 | D:2      | 1251 ||| READING scroll labelled SIUL DOMIAGG.
  1456 | D:3      | Reached skill level 8 in Ranged Weapons
  1464 | D:3      | 1464 ||| Stepping ~*~*~tactically~*~*~ (outnumbered).
  1470 | D:3      | Killed from afar by an orc priest

Levels and vault maps discovered:
D:1:      saegor_arrival_under_anarchy, layout_rooms,
          shapermc_ecumenical_altar_petra, chequers_garden, minmay_cupped
D:2:      layout_loops_ring, uniq_jessica, uniq_crazy_yiuf_cottage
D:3:      layout_rooms, serial_shops, nicolae_shop_window_shopping

Skill      XL: |  1  2  3  4 |
---------------+-------------+-----
Ranged Weapons | 6 7 8 |  8.0
Fighting       | |  1.5
Dodging        | |  2.4
Stealth        | |  1.2

Action                     |  1- 3 |  4- 6 || total
---------------------------+-------+-------++-------
   Fire: Shortbow          |    82 |    44 ||   126
    Use: Scroll            |     2 |     3 ||     5
 Armour: Leather armour    |     3 |     4 ||     7
  Dodge: Dodged            |     7 |     8 ||    15

Table legend:
 A = Non-vault XP
 B = Vault XP
 C = Vault XP percentage of total XP
 D = Non-vault monster count
 E = Vault monster count
 F = Vault count percentage of total count
                 A         B        C        D         E       F
            +---------+---------+-------+---------+---------+-------
      Total |     117 |      40 |  25.5 |      42 |       3 |   6.7
            +---------+---------+-------+---------+---------+-------
        D:1 |      24 |       3 |  11.1 |      13 |       2 |  13.3
        D:2 |      49 |      37 |  43.0 |      19 |       1 |   5.0
        D:3 |      44 |       0 |   0.0 |      10 |       0 |   0.0
            +---------+---------+-------+---------+---------+-------
